AoeStats
← Random

African Clearing

504671508Analyzed
4v4 RM · 27d ago on Sep 6, 2026· 47m 15s· 8 players
Game mode
Random Map
Map size
Large (8 player)
Population
200
Speed
Normal
Resources
Standard
Victory
Conquest
Starting age
Dark Age
Ending age
Imperial Age
RankedLock teamsTeams togetherTeam positionsShared explorationLock speedFull tech treeHidden civsTurbo modeCheats
Victory
Defeat
🇺🇸 Teutons · United States
1622
+14
🇨🇳 Wei · China
1609
+15
🇺🇸 Tupi · United States
1589
+15
🇺🇸 Inca · United States
1510
+19
🇹🇼 Italians · Taiwan
1623
-18
🇻🇳 Mongols · Vietnam
1579
-16
🇯🇵 Magyars · Japan
1560
-15
🇭🇰 Byzantines · Hong Kong SAR China
1544
-14
timembh
11:38 Loom
13:24 Feudal Age
17:32 Castle Age
16:52 Stone Mining
17:45 Double-Bit Axe
21:53 Fletching
24:02 Ballistics
26:38 Bodkin Arrow
28:36 Bloodlines
29:06 Padded Archer Armor
29:22 Town Watch
30:27 Husbandry
31:13 Leather Archer Armor
Jhih
12:07 Loom
14:27 Feudal Age
18:32 Castle Age
16:27 Double-Bit Axe
17:39 Fletching
18:04 Fishing Lines
23:31 Bodkin Arrow
24:26 Padded Archer Armor
26:29 Bow Saw
28:03 Ballistics
28:10 Horse Collar
29:29 Wheelbarrow
29:44 Gold Mining
32:16 Stone Mining
36:27 Imperial Age
34:40 Thumb Ring
34:53 Town Watch
35:49 Leather Archer Armor
38:14 Chemistry
37:18 Bracer
37:41 Hand Cart
37:26 Town Patrol
38:10 Conscription
39:43 Ring Archer Armor
41:04 Elite Genoese Crossbowman
43:22 Scale Mail Armor
43:32 Forging
43:58 Squires
43:44 Arson
45:36 Chain Mail Armor
45:57 Iron Casting
大庆Song
13:00 Feudal Age
13:07 Loom
14:55 Double-Bit Axe
15:44 Forging
21:59 Castle Age
21:23 Scale Barding Armor
22:09 Horse Collar
23:55 Wheelbarrow
23:27 Husbandry
25:02 Chain Barding Armor
25:19 Heavy Plow
26:45 Fletching
29:10 Light Cavalry
31:08 Hand Cart
33:11 Bow Saw
33:38 Gold Mining
34:52 Iron Casting
37:45 Imperial Age
35:55 Iron Casting
36:37 Bodkin Arrow
36:46 Scale Mail Armor
36:07 Man-at-Arms
36:47 Squires
39:06 Plate Barding Armor
38:19 Long Swordsman
38:45 Gambesons
40:33 Two-Man Saw
39:22 Two-Handed Swordsman
40:49 Elite Cataphract
44:25 Logistica
YEBISU
12:28 Feudal Age
12:57 Double-Bit Axe
12:53 Horse Collar
13:07 Loom
25:35 Castle Age
24:28 Bloodlines
24:56 Scale Barding Armor
25:48 Light Cavalry
26:49 Chain Barding Armor
26:47 Bow Saw
34:25 Heavy Plow
36:24 Wheelbarrow
35:45 Gold Mining
37:11 Town Watch
38:36 Hand Cart
39:01 Fletching
41:14 Ballistics
44:50 Imperial Age
42:49 Stone Mining
45:18 Gold Shaft Mining
CNZS_MING
13:13 Feudal Age
12:51 Loom
13:11 Loom
17:15 Castle Age
15:44 Double-Bit Axe
16:02 Horse Collar
17:15 Gold Mining
18:16 Wheelbarrow
18:29 Wheelbarrow
18:14 Bow Saw
18:22 Fletching
20:12 Bodkin Arrow
21:15 Town Watch
25:34 Hand Cart
27:26 Padded Archer Armor
29:31 Ballistics
30:22 Leather Archer Armor
30:32 Heavy Plow
31:55 Bloodlines
37:37 Imperial Age
35:35 Husbandry
36:07 Leather Archer Armor
36:56 Gold Shaft Mining
36:12 Stone Mining
37:22 Thumb Ring
38:24 Bracer
39:25 Chemistry
39:18 Conscription
39:35 Crop Rotation
40:00 Ring Archer Armor
40:24 Masonry
41:05 Hoardings
41:42 Elite Skirmisher
42:48 Parthian Tactics
43:03 Elite Skirmisher
KaLong
3:19 Loom
14:21 Feudal Age
18:14 Castle Age
16:05 Horse Collar
16:11 Double-Bit Axe
16:10 Horse Collar
19:32 Heavy Plow
19:46 Bow Saw
23:54 Wheelbarrow
25:40 Hand Cart
27:16 Gold Mining
32:21 Imperial Age
29:18 Champi Runner
29:58 Squires
30:09 Forging
30:00 Scale Mail Armor
30:04 Fletching
29:54 Pikeman
32:00 Champi Warrior
33:19 Iron Casting
33:00 Chain Mail Armor
32:33 Halberdier
36:41 Conscription
39:04 Blast Furnace
38:00 Bodkin Arrow
38:25 Elite Champi Warrior
42:55 Plate Mail Armor
42:42 Fabric Shields
BomBomB0
14:06 Feudal Age
15:09 Loom
18:03 Castle Age
16:17 Double-Bit Axe
16:13 Horse Collar
16:27 Horse Collar
17:54 Bloodlines
18:59 Gold Mining
19:37 Bow Saw
21:38 Wheelbarrow
22:46 Hand Cart
25:20 Scale Barding Armor
25:37 Town Watch
26:58 Forging
28:26 Chain Barding Armor
29:07 Iron Casting
29:05 Stone Mining
36:58 Imperial Age
35:08 Scale Mail Armor
35:45 Stone Shaft Mining
35:12 Heavy Plow
36:31 Ballistics
36:22 Masonry
36:03 Fletching
36:29 Chain Mail Armor
35:47 Pikeman
37:07 Bodkin Arrow
38:59 Crenellations
39:00 Conscription
39:44 Blast Furnace
38:41 Cavalier
39:42 Elite Teutonic Knight
40:49 Squires
43:19 Plate Mail Armor
44:16 Hoardings
44:52 Arson
Random
6:12 Loom
12:10 Feudal Age
12:40 Double-Bit Axe
26:00 Castle Age
31:59 Town Watch
33:17 Horse Collar
33:52 Bow Saw
39:23 Wheelbarrow
41:01 Heavy Plow
50:06 Imperial Age
Connection lost

Rejoining the realm…

Still unreachable

The connection could not be restored.

Session expired

The server has moved on; the page needs a fresh start.